 Dungeon Crawl Stone Soup version 0.31-b1-22-gc680215f68 (webtiles) character file.

Game seed: 16928582177882124765

109029 groovy9 the Bludgeoner (level 16, -1/168 HPs)
             Began as a Gargoyle Berserker on Jan 19, 2024.
             Was a High Priest of Trog.
             Slain by Gokhumny's ghost (2 damage)
             ... on level 2 of the Swamp.
             The game lasted 01:19:02 (22331 turns).

groovy9 the Bludgeoner (Gargoyle Berserker)        Turns: 22331, Time: 01:19:03

Health: -1/168     AC: 39    Str: 28    XL:     16   Next: 51%
Magic:  16/16      EV:  3    Int:  9    God:    Trog [*****.]
Gold:   2519       SH: 30    Dex:  9    Spells: 15/15 levels left

rFire   . . .        u - +2 morningstar (venom)
rCold   + + .        E - +18 shield of the Gong {Loud rN+ Will+ rCorr EV-5}
rNeg    + + .        L - +0 plate armour {rC+}
rPois   ∞            P - +1 helmet
rElec   +            Q - +1 cloak
rCorr   +            g - +0 pair of gloves
SInv    .            J - +2 pair of boots {rampage}
Will    ++...        s - amulet of regeneration Stlth
                     y - +4 ring of slaying
HPRegen 1.28/turn    F - ring of protection from cold
MPRegen 0.15/turn

%: rampage
@: berserking (expiring), flying, very quick
A: sickness immunity, AC +12, big wings, negative energy resistance 1,
electricity resistance, torment resistance 1, petrification resistance
a: Renounce Religion, Berserk, Trog's Hand, Brothers in Arms


You were on level 2 of the Swamp.
You worshipped Trog.
Trog was extremely pleased with you.
You visited 5 branches of the dungeon, and saw 23 of its levels.
You also visited: Ice Cave.

You collected 2976 gold pieces.
You spent 457 gold pieces at shops.

Inventory:

Hand Weapons
 u - a +2 morningstar of venom (weapon)
Armour
 g - a +0 pair of gloves (worn)
 z - a +4 chain mail
 E - the +18 shield of the Gong (worn) {Loud rN+ Will+ rCorr EV-5}
   (You found it on level 9 of the Dungeon)

   Loud:      It is deafeningly noisy when blocking attacks.
   EV-5:      It affects your evasion (-5).
   rN+:       It protects you from negative energy.
   Will+:     It increases your willpower.
   rCorr:     It protects you from acid and corrosion.
 J - a +2 pair of boots of rampaging (worn)
 K - the +4 kite shield of the Countless Thickets {Str+2}
   (You found it on level 11 of the Dungeon)

   Str+2:     It affects your strength (+2).
 L - a +0 plate armour of cold resistance (worn)
 P - a +1 helmet (worn)
 Q - a +1 cloak (worn)
Jewellery
 s - an amulet of regeneration (around neck)
 w - a ring of protection from fire
 y - a +4 ring of slaying (left hand)
 F - a ring of protection from cold (right hand)
 H - an amulet of guardian spirit
Wands
 a - a wand of charming (23)
 h - a wand of flame (51)
 i - a wand of roots (11)
 l - a wand of mindburst (22)
 M - a wand of polymorph (19)
Scrolls
 c - a scroll of torment
 d - 5 scrolls of revelation
 f - 4 scrolls of identify
 k - 8 scrolls of blinking
 o - 4 scrolls of fog
 r - 3 scrolls of immolation
 v - 3 scrolls of enchant weapon
 A - 2 scrolls of vulnerability
 B - 3 scrolls of fear
 C - 8 scrolls of teleportation
 O - 2 scrolls of poison
Potions
 b - 2 potions of mutation
 e - a potion of resistance
 j - 6 potions of heal wounds
 m - 4 potions of might
 p - 6 potions of cancellation
 q - 5 potions of enlightenment
 t - 12 potions of curing
 x - a potion of lignification
 N - a potion of berserk rage
Miscellaneous
 n - a box of beasts
 D - a phial of floods
 G - a phantom mirror


   Skills:
 + Level 17.4 Fighting
 - Level 17.5 Maces & Flails
 + Level 14.9 Armour
 - Level 1.5 Dodging
 - Level 5.3 Stealth
 + Level 14.5 Shields


You had 15 spell levels left.
You didn't know any spells.
Your spell library was empty.

Dungeon Overview and Level Annotations

Branches:
Dungeon (13/15)            Temple (1/1) D:7            Lair (5/5) D:8
  Swamp (2/4) Lair:3       Spider (0/4) Lair:3        Slime (0/5) Lair:5
    Orc (2/2) D:10            Elf (0/3) Orc:2        Vaults (0/5) D:13
  IceCv (visited)

Altars:
Ashenzari
Cheibriados
Dithmenos
Elyvilon
Fedhas
Gozag
Hepliaklqana
Kikubaaqudgha
Makhleb
Nemelex Xobeh
Okawaru
Qazlal
Ru
Sif Muna
Trog
Uskayaw
Vehumet
Wu Jian
Xom
Yredelemnul
Zin
The Shining One
Jiyva
Lugonu

Shops:
D:6 *   Orc:2 (:?([

Portals:
Abyss: Lair:5

Annotations:
Lair:5 exclusion: 4 oklob plants
Swamp:2 1 transporter, Gokhumny's ghost, adept GnFi


Innate Abilities, Weirdness & Mutations

You are immune to sickness and miasma.
Your stone body is resilient. (AC +12)
You are immune to poison.
Your large and strong wings let you fly.
You resist negative energy. (rN+)
You are resistant to electric shocks. (rElec)
You are resistant to unholy torment.
You are immune to petrification.


Message History

Gokhumny's ghost is moderately damaged.
You block the vampire mosquito's attack.
GONNNNG!
You block Gokhumny's ghost's attack.
BOUMMMMG!
You block the spriggan air mage simulacrum's attack.
GONNNNG!
The spectral fenstrider witch hits you!
* * * LOW HITPOINT WARNING * * *
The spectral fenstrider witch kicks you but does no damage.
You hit Gokhumny's ghost but do no damage.
Gokhumny's ghost is moderately damaged.
You block the vampire mosquito's attack.
BONNNG!
You hit Gokhumny's ghost.
Gokhumny's ghost is moderately damaged.
You block the vampire mosquito's attack.
BOUMMMMG!
You block the spectral fenstrider witch's attack.
BONNNG!
You block the spectral fenstrider witch's attack.
BOUMMMMG!
Gokhumny's ghost hits you but does no damage.
The spriggan air mage simulacrum hits you but does no damage.
You hit Gokhumny's ghost but do no damage.
Gokhumny's ghost is moderately damaged.
You block the vampire mosquito's attack.
BONNNG!
You block the spectral fenstrider witch's attack.
PANG!
The spectral fenstrider witch kicks you!
* * * LOW HITPOINT WARNING * * *
You puncture Gokhumny's ghost!
Gokhumny's ghost is heavily damaged.
You block the vampire mosquito's attack.
PANG!
Gokhumny's ghost hits you.
* * * LOW HITPOINT WARNING * * *
Gokhumny's ghost burns you.
You die...

...~......................♣ ♣♣.♣♣
~~~~~~~...[#############..♣ ♣.~.♣
..~~~~~....#...........#..♣♣♣....
#.~§..♣~...#...........#...~~....
#.~~~..♣♣..#..###.###..#..§...~§.
#.~~~~.♣♣..#(.#8#.#8#..#..~..~.~.
#..~~~..~..#|....:.....#....~..~♣
#..♣♣♣~...©#!..Z.W†....#©...~~..~
#..♣♣~.~~..#!...@Z.....#..~~~....
#.♣♣♣♣.~~..#(.#8#y#8#..#..(~.....
#.♣♣♣♣♣~~..#..###.###..#..~..~...
#.~...♣.>..#.........yy#..~.♣...~
..~~~.~♣~..#©.........W#...~.♣~~.
>.~~~~.♣♣..#############....~♣.~.
..~~~~.♣♣..(..............~~~~~..
..~~~......................~..~.♣
.....♣~.~.~♣♣♣~~....§~§§.....~~♣♣


You could see a spectral fenstrider witch, a vampire mosquito, Gokhumny's ghost
and a spriggan air mage simulacrum.

Vanquished Creatures
  An orc warlord (Orc:2)
  4 eleionomae
  9 hydras
  Erolcha (D:11)
  4 vault guards (D:13)
  A catoblepas (Lair:4)
  2 ironbound frosthearts (IceCv)
  2 centaur warriors (D:13)
  2 ghost crabs
  2 ogre magi (Orc:2)
  2 two-headed ogres
  2 boulder beetles
  An alligator (Swamp:2)
  An orc high priest (Orc:1)
  3 thrashing horrors (Lair:5)
  13 death yaks
  Urug (D:12)
  Sonja (Lair:5)
  2 skysharks
  Amaemon (Lair:3)
  Lodul (D:11)
  3 spriggan druids
  A deep troll (D:9)
  A swamp dragon (Swamp:2)
  A spectral hydra (Swamp:2)
  4 bog bodies
  4 goliath frogs
  Pikel (D:7)
  A harpy (D:9)
  An orc knight (Orc:1)
  A harpy (shapeshifter) (Lair:5)
  13 orc sorcerers
  4 ugly things
  2 will-o-the-wisps
  A spectral spriggan (Swamp:2)
  2 cyclopes
  3 manticores
  3 black mambas
  10 elephants
  3 meliai (D:13)
  3 slime creatures
  A kobold blastminer (Orc:2)
  An ice statue (IceCv)
  A black mamba (shapeshifter) (D:13)
  2 torpor snails (D:8)
  13 cane toads
  A large abomination (Lair:5)
  An orange demon (Lair:3)
  2 gargoyles
  2 smoke demons (Lair:5)
  A rime drake (IceCv)
  6 komodo dragons
  Psyche (D:9)
  A troll (shapeshifter) (Lair:5)
  3 trolls
  6 tyrant leeches
  A queen bee (shapeshifter) (Lair:5)
  5 hornets (Swamp:1)
  7 polar bears (IceCv)
  2 raiju (Lair:5)
  19 blink frogs
  20 dream sheep
  A shadow (D:11)
  8 spriggans
  A vampire (D:8)
  71 yaks
  A wyvern (D:9)
  A wraith (D:13)
  4 basilisks
  Grum (D:8)
  2 steam dragons
  5 vampire mosquitoes
  A redback (shapeshifter) (Lair:5)
  2 wargs
  7 swamp worms
  A chaos spawn (Lair:5)
  13 water moccasins
  4 acid dragons
  2 hydra simulacra (Swamp:2)
  2 ice beasts
  2 black bears
  A sky beast (D:7)
  22 orc warriors
  16 ogres
  29 wolves
  5 centaurs
  14 bullfrogs
  11 small abominations (Lair:5)
  5 scorpions
  11 wights
  9 killer bees
  7 electric eels
  4 howler monkeys
  10 orc priests
  4 hounds
  5 jellies
  2 iguanas (D:6)
  40 orc wizards
  3 spriggan simulacra (Orc:2)
  2 polar bear simulacra (Orc:2)
  2 wolf simulacra (Orc:2)
  6 adders
  A naga simulacrum (Orc:2)
  2 shadow imps (D:7)
  A white imp (D:8)
  2 ufetubi (D:6)
  3 dart slugs
  5 ribbon worms
  58 orcs
  5 ball pythons
  2 bats
  2 endoplasms
  A giant cockroach (D:2)
  6 hobgoblins
  8 jackals
  3 quokkas
  A frilled lizard (D:1)
  2 goblins
  5 kobolds
  3 rats
661 creatures vanquished.

Vanquished Creatures (collateral kills)
  An orc sorcerer (Orc:2)
  A kobold blastminer (Orc:2)
  A troll (Orc:2)
  3 orc warriors (Orc:2)
  An ogre (Orc:2)
  2 wolves (IceCv)
  An orc wizard (Orc:2)
  6 orcs (Orc:2)
16 creatures vanquished.

Vanquished Creatures (others)
  2 bloated husks (Swamp:2)
  2 vampire mosquitoes (Swamp:2)
  2 orcs (Orc:2)
  12 foxfires
18 creatures vanquished.

Grand Total: 695 creatures vanquished

Notes
Turn   | Place    | Note
-------+----------+-------------------------------------------
     0 | D:1      | groovy9 the Gargoyle Berserker began the quest for the Orb.
     0 | D:1      | Reached XP level 1. HP: 14/14 MP: 1/1
   261 | D:1      | Found a faded altar of an unknown god.
   462 | D:1      | Reached XP level 2. HP: 16/19 MP: 2/2
  1013 | D:2      | Identified the +1 ring mail "Domeshru" {rPois Int+2}
  1035 | D:2      | Reached XP level 3. HP: 23/23 MP: 3/3
  1302 | D:2      | Found a hazy altar of Hepliaklqana.
  1975 | D:4      | Reached XP level 4. HP: 21/29 MP: 4/4
  2016 | D:4      | Noticed a scorpion
  2041 | D:4      | Reached skill level 1 in Shields
  2066 | D:4      | Killed a scorpion
  2067 | D:4      | Reached XP level 5. HP: 33/33 MP: 5/5
  2133 | D:4      | Reached ** piety under Trog
  2358 | D:4      | Noticed an ogre
  2364 | D:4      | Killed an ogre
  2365 | D:4      | Reached skill level 5 in Maces & Flails
  2365 | D:4      | Reached XP level 6. HP: 39/39 MP: 6/6
  2691 | D:4      | Noticed a black bear
  2703 | D:4      | Killed a black bear
  2982 | D:5      | Entered Level 5 of the Dungeon
  2987 | D:5      | Reached XP level 7. HP: 44/44 MP: 7/7
  3235 | D:5      | Identified a scroll of acquirement
  3235 | D:5      | Acquired a manual of Fighting
  3250 | D:5      | Reached skill level 5 in Fighting
  3804 | D:6      | Found Lobugguk's Assorted Antiques.
  3831 | D:6      | Reached XP level 8. HP: 51/51 MP: 8/8
  3842 | D:6      | Bought an orange potion for 22 gold pieces
  3842 | D:6      | Bought a scroll labelled LAPNEC ICWUUST for 25 gold pieces
  3902 | D:6      | Found a sparkling altar of Nemelex Xobeh.
  3978 | D:6      | Reached skill level 5 in Armour
  4550 | D:7      | Found a staircase to the Ecumenical Temple.
  4560 | Temple   | Entered the Ecumenical Temple
  4895 | D:7      | Noticed Pikel
  4903 | D:7      | Killed Pikel
  4904 | D:7      | Reached skill level 5 in Shields
  4904 | D:7      | Reached XP level 9. HP: 59/59 MP: 9/9
  5642 | D:8      | Found a staircase to the Lair.
  5688 | D:8      | Noticed Grum
  5696 | D:8      | Killed Grum
  5927 | D:8      | Reached XP level 10. HP: 66/66 MP: 10/10
  6280 | D:9      | Reached skill level 10 in Fighting
  6379 | D:9      | Noticed Psyche
  6385 | D:9      | Killed Psyche
  6467 | D:9      | Reached skill level 10 in Maces & Flails
  6706 | D:9      | Noticed a deep troll
  6706 | D:9      | Found the +3 robe of Clouds {*Thunder rCloud rElec}
  6706 | D:9      | Noticed a harpy
  6720 | D:9      | Killed a deep troll
  6724 | D:9      | Found the +18 shield of the Gong {Loud rN+ Will+ rCorr
                  | EV-5}
  6729 | D:9      | Killed a harpy
  6752 | D:9      | Identified the staff "Agikot" {rF+ rCorr Str+3 Fire}
  6851 | D:9      | Reached XP level 11. HP: 74/74 MP: 11/11
  7212 | Lair:1   | Entered Level 1 of the Lair of Beasts
  8167 | Lair:1   | Noticed a seven-headed hydra
  8177 | Lair:1   | Killed a seven-headed hydra
  8589 | Lair:2   | Reached *** piety under Trog
  8590 | Lair:2   | Reached XP level 12. HP: 84/84 MP: 12/12
  8655 | Lair:2   | Reached skill level 10 in Armour
  9072 | Lair:2   | Found an iron altar of Okawaru.
  9450 | Lair:3   | Noticed a seven-headed hydra
  9464 | Lair:3   | Killed a seven-headed hydra
  9786 | Lair:3   | Noticed an eleionoma
  9802 | Lair:3   | Killed an eleionoma
  9803 | Lair:3   | Reached skill level 10 in Shields
  9840 | Lair:3   | Found a hole to the Spider Nest.
  9934 | Lair:3   | Noticed Amaemon
  9963 | Lair:3   | Killed Amaemon
 10138 | Lair:3   | Found a staircase to the Swamp.
 10399 | Lair:4   | Noticed a catoblepas
 10409 | Lair:4   | Killed a catoblepas
 10578 | Lair:4   | Reached XP level 13. HP: 87/90 MP: 13/13
 11223 | Lair:5   | Entered Level 5 of the Lair of Beasts
 11470 | Lair:5   | Noticed Sonja
 11509 | Lair:5   | Reached **** piety under Trog
 11510 | Lair:5   | Reached skill level 15 in Maces & Flails
 11526 | Lair:5   | Reached skill level 15 in Fighting
 11558 | Lair:5   | Gained mutation: Your large and strong wings let you fly.
                  | [Gargoyle growth]
 11558 | Lair:5   | Reached XP level 14. HP: 85/98 MP: 14/14
 11591 | Lair:5   | Killed Sonja
 12084 | Lair:5   | Found a viscous altar of Jiyva.
 12086 | Lair:5   | Found a staircase to the Slime Pits.
 12574 | Lair:5   | Found a corrupted altar of Lugonu.
 12574 | Lair:5   | Found a one-way gate to the infinite horrors of the Abyss.
 12980 | D:10     | Entered Level 10 of the Dungeon
 14125 | D:10     | Found a staircase to the Orcish Mines.
 14307 | Orc:1    | Entered Level 1 of the Orcish Mines
 14324 | Orc:1    | Paralysed by an orc sorcerer for 5 turns
 14908 | Orc:2    | Entered Level 2 of the Orcish Mines
 15034 | Orc:2    | Paralysed by an orc sorcerer for 3 turns
 15054 | Orc:2    | Noticed an orc warlord
 15115 | Orc:2    | Killed an orc warlord
 15116 | Orc:2    | Reached XP level 15. HP: 104/104 MP: 15/15
 15351 | Orc:2    | Found Zetow's Antique Weapon Shoppe.
 15378 | Orc:2    | Found a frozen archway.
 15403 | IceCv    | Entered an ice cave
 16353 | Orc:2    | Found a staircase to the Elven Halls.
 16493 | Orc:2    | Reached ***** piety under Trog
 16628 | Orc:2    | Paralysed by an orc sorcerer for 4 turns
 16863 | Orc:2    | Found a radiant altar of Vehumet.
 16879 | Orc:2    | Found Toum's Magic Scroll Shoppe.
 17066 | Orc:2    | Bought a scroll of identify for 34 gold pieces
 17066 | Orc:2    | Bought a scroll of poison for 68 gold pieces
 17068 | Orc:2    | Bought a scroll of immolation for 68 gold pieces
 17145 | Orc:2    | Found Houngib's Antique Armour Emporium.
 17499 | Orc:2    | Found Dacuq's Book Shoppe.
 17501 | Orc:2    | Found Tyutoudu's Antique Weapon Emporium.
 17531 | Orc:2    | Found an ancient bone altar of Kikubaaqudgha.
 17606 | Orc:2    | Bought a pair of runed boots for 240 gold pieces
 17876 | D:11     | Noticed Erolcha
 17880 | D:11     | Killed Erolcha
 17880 | D:11     | Received a gift from Trog
 17955 | D:11     | Found a broken altar of Ashenzari.
 18147 | D:11     | Identified the +4 kite shield of the Countless Thickets
                  | {Str+2}
 18231 | D:11     | Noticed Lodul
 18251 | D:11     | Killed Lodul
 18781 | D:12     | Reached skill level 1 in Stealth
 18918 | D:12     | Noticed Urug
 18925 | D:12     | Killed Urug
 20093 | D:13     | Found a gate to the Vaults.
 20169 | D:13     | Reached XP level 16. HP: 103/112 MP: 16/16
 20698 | Swamp:1  | Entered Level 1 of the Swamp
 20908 | Swamp:1  | Reached skill level 5 in Stealth
 22027 | Swamp:2  | Noticed Gokhumny's ghost (adept GnFi)
 22028 | Swamp:2  | Found a transporter.
 22090 | Swamp:2  | Found a transporter.
 22330 | Swamp:2  | HP: 5/168 [spectral fenstrider witch (13)]
 22331 | Swamp:2  | HP: 1/168 [Gokhumny's ghost (5)]
 22331 | Swamp:2  | Slain by Gokhumny's ghost

Illustrated notes

Levels and vault maps discovered:
D:1:      roderic_chinese_lattice_arrival, layout_rooms,
          shapermc_ecumenical_altar_flowoftime, grunt_decor_mini_mirrors,
          minmay_misc_feat_roman, grunt_decor_cap,
          corexii_item_surrounded_by_moat
D:2:      layout_basic, basic_altar, grunt_decor_one_mirror
D:3:      layout_rooms
D:4:      kennysheep_spiral_hall, layout_loops_ring
D:5:      layout_rooms
D:6:      layout_basic, mainiacjoe_overflow_chevrons, serial_shops, shop
D:7:      layout_basic, minmay_temple_entry_junction,
          kennysheep_generic_room_13, uniq_pikel
D:8:      cheibrodos_two_vegetables, layout_rooms, lair_entry_dummy, uniq_grum
D:9:      minmay_the_grid_four_pointed_star_mashed
          [minmay_the_grid_triangle_9x9_zippers_vertical,
          minmay_the_grid_triangle_9x9_corrupted_corridor,
          minmay_the_grid_triangle_9x9_wacky_v,
          minmay_the_grid_triangle_9x9_stretched_checkered,
          minmay_the_grid_prize_diamond_cup], layout_basic, uniq_psyche
D:10:     layout_gridville, david_orc_4, kennysheep_small_spiral, minmay_holes
D:11:     layout_cave_pods, ashenzari_conservatory_becter, uniq_lodul,
          uniq_erolcha
D:12:     layout_grid_maze, uniq_urug
D:13:     layout_small_grid, lightli_vaults_fourway_checkpoint
Temple:   grunt_wide_crystal_templ
Lair:1:   layout_cave_pods, grunt_megastairs_3, infiniplex_staircase_pool_2
Lair:2:   layout_regular_city, basic_altar, infiniplex_staircase_pool,
          serial_bayou_shore_b
Lair:3:   layout_chaotic_city, alex1729_swamp_entry_worm_eleionoma,
          spider_nest_entry_web_field, uniq_amaemon
Lair:4:   layout_small_grid
Lair:5:   hellmonk_lair_end_abyssal_woods, layout_regular_city,
          minmay_slime_entry_oklob_enclosed, grunt_megastairs_2, uniq_sonja
Swamp:1:  layout_basic_swamp, serial_swamp_ruin, evilmike_swamp_ruin_house_3,
          evilmike_swamp_ruin_rubble_1, evilmike_swamp_ruin_house_6
Swamp:2:  layout_basic_swamp, gammafunk_ghost_mausoleum,
          evilmike_swamp_ruin_house_2, swamp_pool_1_2
Orc:1:    layout_diamond_mine
Orc:2:    kennysheep_orc_mage_school, layout_diamond_mine, serial_shops,
          nicolae_shop_just_a_little_nook, portal_ice_cave_entry_ice_simulacra

Skill      XL: |  1  2  3  4  5  6  7  8  9 10 11 12 13 14 15 16 |
---------------+-------------------------------------------------+-----
Maces & Flails | 4 5 6 8 9 10 12 13 15 16 17 | 17.5
Armour         | 3 4 6 7 8 9 10 12 13 14 | 14.9
Fighting       | 4 6 8 9 11 13 14 15 16 17 | 17.4
Shields        | 1 2 3 5 6 7 9 10 11 12 13 14 | 14.5
Stealth        | 3 5 |  5.3
Dodging        | |  1.5

Action                     |  1- 3 |  4- 6 |  7- 9 | 10-12 | 13-15 | 16-18 || total
---------------------------+-------+-------+-------+-------+-------+-------++-------
  Melee: Mace              |    94 |    96 |   170 |       |       |       ||   360
         Morningstar       |       |       |   101 |   506 |  1263 |   283 ||  2153
 Invoke: Berserk           |     4 |     4 |    13 |    20 |    20 |     2 ||    63
         Trog's Hand       |       |     2 |     2 |     7 |    17 |     1 ||    29
         Brothers in Arms  |       |       |       |       |     3 |     1 ||     4
    Use: Potion            |       |     1 |       |     1 |     2 |       ||     4
         Scroll            |       |       |    18 |     4 |     5 |       ||    27
 Armour: Plate armour      |    74 |    76 |   255 |    77 |   166 |   244 ||   892
         Animal skin       |     1 |       |       |       |       |       ||     1
         Chain mail        |       |       |       |   278 |   391 |       ||   669
  Dodge: Dodged            |    35 |    13 |    58 |    48 |    55 |    10 ||   219
  Block: Tower shield      |     3 |    53 |   180 |    73 |       |       ||   309
         Kite shield       |       |       |       |   608 |  1328 |   332 ||  2268
